TOP OF THE 1ST |
Midland RockHounds batting - Pitching for Bowie Baysox : RHP Sam Wilson
|
Pitching: RHP Sam Wilson
|
|
Batting: LHB Zachary DeLuca
|
0-0: Called Strike 0-1: Ball 1-1: Foul Ball, location: 2F 1-2: Ball 2-2: Ground out 4-3 (Groundball, 4, EV 88.8 MPH)
|
Batting: RHB Tim Cordle
|
0-0: Foul Ball, location: 2F 0-1: Ball 1-1: Ground out 5-3 (Groundball, 56, EV 87.5 MPH)
|
Batting: SHB Rich Muniz
|
0-0: Foul Ball, location: 2F 0-1: Foul Ball, location: 2F 0-2: Ball 1-2: SINGLE (Line Drive, 89S, EV 104.4 MPH)
|
Batting: LHB John Shults
|
0-0: Called Strike 0-1: Swinging Strike 0-2: Ball 1-2: Ball 2-2: Strikes out swinging
|
Top of the 1st over - 0 runs, 1 hit, 0 errors, 1 left on base; Midland 0 - Bowie 0 |
BOTTOM OF THE 1ST |
Bowie Baysox batting - Pitching for Midland RockHounds : RHP Reynaldo Edwards
|
Pitching: RHP Reynaldo Edwards
|
|
Batting: RHB Danny Merrill
|
0-0: Ball 1-0: Foul Ball, location: 2F 1-1: Swinging Strike 1-2: Ball 2-2: Strikes out swinging
|
Batting: LHB Andrew Erens
|
0-0: Ball 1-0: Foul Ball, location: 2F 1-1: Ball 2-1: Ball 3-1: Ground out 4-3 (Groundball, 4, EV 86.2 MPH)
|
Batting: LHB Matt Patnaude
|
0-0: Ball 1-0: Ball 2-0: Called Strike 2-1: Called Strike 2-2: Foul Ball, location: 2F 2-2: Ball 3-2: Ground out 4-3 (Groundball, 4, EV 88.8 MPH)
|
Bottom of the 1st over - 0 runs, 0 hits, 0 errors, 0 left on base; Midland 0 - Bowie 0 |
TOP OF THE 2ND |
Midland RockHounds batting - Pitching for Bowie Baysox : RHP Sam Wilson
|
Batting: RHB Luis Restrepo
|
0-0: Ball 1-0: Fly out, F2 (Popup, 15S, EV 86.9 MPH)
|
Batting: RHB Carlos Ballesteros
|
0-0: SINGLE (Line Drive, 6M, EV 96.2 MPH)
|
Batting: RHB Eduardo Chavez
|
0-0: Called Strike 0-1: Foul Ball, location: 2F 0-2: Strikes out swinging
|
Batting: RHB Armando Estrada
|
0-0: Called Strike 0-1: Ball 1-1: Ball 2-1: Ball 3-1: Base on Balls Carlos Ballesteros to second
|
Batting: SHB Ian Finley
|
0-0: Called Strike 0-1: Swinging Strike 0-2: Ball 1-2: Foul Ball, location: 2F 1-2: Ball 2-2: Ball 3-2: SINGLE (Line Drive, 78M, EV 108.8 MPH) Carlos Ballesteros to third Armando Estrada to second Carlos Ballesteros scores Armando Estrada to third
|
Batting: LHB Zachary DeLuca
|
0-0: Swinging Strike 0-1: Ball 1-1: Called Strike 1-2: Strikes out swinging
|
Top of the 2nd over - 1 run, 2 hits, 0 errors, 2 left on base; Midland 1 - Bowie 0 |
BOTTOM OF THE 2ND |
Bowie Baysox batting - Pitching for Midland RockHounds : RHP Reynaldo Edwards
|
Batting: RHB Travis Carter
|
0-0: Foul Ball, location: 2F 0-1: Ball 1-1: Ball 2-1: Swinging Strike 2-2: Ball 3-2: Foul Ball, location: 2F 3-2: Fly out, F9 (Flyball, 89M, EV 90.6 MPH)
|
Batting: RHB Andy Chess
|
0-0: Ball 1-0: SINGLE (Flyball, 78M, EV 93.8 MPH)
|
Batting: LHB Raul Rojas
|
0-0: Called Strike 0-1: Foul Ball, location: 2F 0-2: Fly out, F4 (Line Drive, 4, EV 70.6 MPH)
|
Batting: LHB Ben Antal
|
0-0: Called Strike 0-1: Fielders Choice at 2nd, 5-4 (Groundball, 5, EV 86.9 MPH)
|
Bottom of the 2nd over - 0 runs, 1 hit, 0 errors, 1 left on base; Midland 1 - Bowie 0 |
TOP OF THE 3RD |
Midland RockHounds batting - Pitching for Bowie Baysox : RHP Sam Wilson
|
Batting: RHB Tim Cordle
|
0-0: Called Strike 0-1: Ball 1-1: Called Strike 1-2: SINGLE (Flyball, 89S, EV 94.4 MPH)
|
Batting: SHB Rich Muniz
|
0-0: Swinging Strike 0-1: Fly out, F7 (Flyball, 7LSF, EV 83.8 MPH)
|
Batting: LHB John Shults
|
0-0: Ball 1-0: Foul Ball, location: 2F 1-1: Swinging Strike 1-2: Ball Tim Cordle is caught stealing 2nd base 2-6 2-2: Foul Ball, location: 2F 2-2: Ball 3-2: Strikes out looking
|
Top of the 3rd over - 0 runs, 1 hit, 0 errors, 0 left on base; Midland 1 - Bowie 0 |
BOTTOM OF THE 3RD |
Bowie Baysox batting - Pitching for Midland RockHounds : RHP Reynaldo Edwards
|
Batting: LHB Jose Fierro
|
0-0: Called Strike 0-1: SINGLE (Groundball, 5D, EV 100.0 MPH)
|
Batting: RHB Andrew Korman
|
0-0: Swinging Strike 0-1: Ball 1-1: SINGLE (Groundball, 34D, EV 93.8 MPH) Jose Fierro to second Runner from 2nd tries for 3rd, SAFE, throw by RF made to third Andrew Korman to second
|
Batting: RHB Danny Merrill
|
0-0: Ball 1-0: Called Strike 1-1: Ball 2-1: Ball 3-1: Called Strike 3-2: Foul Ball, location: 2F 3-2: Fly out, F8 (Line Drive, 8RM, EV 90.6 MPH)
|
Batting: LHB Andrew Erens
|
0-0: Foul Ball, location: 2F 0-1: Ball 1-1: Ground out 6-3 (Groundball, 6, EV 103.1 MPH) Jose Fierro scores
|
Batting: LHB Matt Patnaude
|
0-0: Called Strike 0-1: Ball 1-1: Swinging Strike 1-2: SINGLE (Groundball, 6MD, EV 110.6 MPH) Andrew Korman to third
|
Batting: RHB Travis Carter
|
0-0: Ball 1-0: Swinging Strike 1-1: Swinging Strike 1-2: Fly out, F8 (Flyball, 8LXD, EV 110.0 MPH)
|
Bottom of the 3rd over - 1 run, 3 hits, 0 errors, 2 left on base; Midland 1 - Bowie 1 |
TOP OF THE 4TH |
Midland RockHounds batting - Pitching for Bowie Baysox : RHP Sam Wilson
|
Batting: RHB Luis Restrepo
|
0-0: Ball 1-0: SINGLE (Groundball, 34D, EV 106.9 MPH)
|
Batting: RHB Carlos Ballesteros
|
Pickoff Throw to First - Out! 1-3 CS 0-0: Ball 1-0: Called Strike 1-1: Called Strike 1-2: SINGLE (Flyball, 6MD, EV 93.8 MPH)
|
Batting: RHB Eduardo Chavez
|
0-0: Ball 1-0: Called Strike 1-1: SINGLE (Line Drive, 3D, EV 98.1 MPH) Carlos Ballesteros to second Runner from 2nd tries for 3rd, SAFE, throw by RF made to third
|
Batting: RHB Armando Estrada
|
0-0: Ball Eduardo Chavez is caught stealing 2nd base 2-4 1-0: Swinging Strike 1-1: Called Strike 1-2: Fly out, F7 (Line Drive, 7, EV 96.2 MPH)
|
Top of the 4th over - 0 runs, 3 hits, 0 errors, 1 left on base; Midland 1 - Bowie 1 |
BOTTOM OF THE 4TH |
Bowie Baysox batting - Pitching for Midland RockHounds : RHP Reynaldo Edwards
|
Batting: RHB Andy Chess
|
0-0: Called Strike 0-1: Ball 1-1: Ball 2-1: Ball 3-1: Foul Ball, location: 2F 3-2: Single, Error in OF, E7, batter to second base (Groundball, 56D, EV 93.8 MPH)
|
Batting: LHB Raul Rojas
|
0-0: Foul Ball, location: 2F 0-1: Foul Ball, location: 2F 0-2: Ball 1-2: Foul Ball, location: 2F 1-2: Ball 2-2: Fly out, F8 (Line Drive, 8RS, EV 95.0 MPH)
|
Batting: LHB Ben Antal
|
0-0: Called Strike 0-1: Swinging Strike 0-2: Ball 1-2: Ground out 4-3 (Groundball, 4, EV 80.6 MPH) Andy Chess to third
|
Batting: LHB Jose Fierro
|
0-0: Hit by Pitch
|
Batting: RHB Andrew Korman
|
0-0: Ball 1-0: Called Strike 1-1: Ball 2-1: Foul Ball, location: 2F 2-2: Foul Ball, location: 2F 2-2: Foul Ball, location: 2F 2-2: Foul Ball, location: 2F 2-2: Ball 3-2: Strikes out swinging
|
Bottom of the 4th over - 0 runs, 1 hit, 1 error, 2 left on base; Midland 1 - Bowie 1 |
TOP OF THE 5TH |
Midland RockHounds batting - Pitching for Bowie Baysox : RHP Sam Wilson
|
Batting: SHB Ian Finley
|
0-0: Called Strike 0-1: Ball 1-1: Ball 2-1: Ball 3-1: Called Strike 3-2: Strikes out looking
|
Batting: LHB Zachary DeLuca
|
0-0: Ball 1-0: Ball 2-0: Foul Ball, location: 2F 2-1: Called Strike 2-2: Foul Ball, location: 2F 2-2: Ball 3-2: SINGLE (Line Drive, 7S, EV 109.4 MPH)
|
Batting: RHB Tim Cordle
|
0-0: Ball 1-0: Called Strike 1-1: SINGLE (Groundball, 56D, EV 98.1 MPH) Zachary DeLuca to second
|
Batting: SHB Rich Muniz
|
0-0: Ball 1-0: Swinging Strike 1-1: Fielders Choice at 2nd, 6-4 (Groundball, 6M, EV 105.6 MPH) Zachary DeLuca to third
|
Batting: LHB John Shults
|
0-0: Foul Ball, location: 2F 0-1: Ball 1-1: Ball 2-1: Fly out, F8 (Flyball, 8LM, EV 92.5 MPH)
|
Top of the 5th over - 0 runs, 2 hits, 0 errors, 2 left on base; Midland 1 - Bowie 1 |
BOTTOM OF THE 5TH |
Bowie Baysox batting - Pitching for Midland RockHounds : RHP Reynaldo Edwards
|
Batting: RHB Danny Merrill
|
0-0: Called Strike 0-1: Ball 1-1: Called Strike 1-2: Ball 2-2: Foul Ball, location: 2F 2-2: Foul Ball, location: 2F 2-2: Ball 3-2: SINGLE (Line Drive, 7S, EV 100.0 MPH)
|
Batting: LHB Andrew Erens
|
0-0: Called Strike Danny Merrill steals 2nd base 0-1: Ball 1-1: Ball 2-1: Ground out 1-3 (Groundball, 13S, EV 71.2 MPH) Danny Merrill to third
|
Batting: LHB Matt Patnaude
|
0-0: Intentional Walk
|
Batting: RHB Travis Carter
|
0-0: 3-RUN HOME RUN (Flyball, 9D, EV 97.5 MPH), Distance : 379 ft
|
Batting: RHB Andy Chess
|
0-0: Ball 1-0: Ball 2-0: Swinging Strike 2-1: Foul Ball, location: 2F 2-2: Ball 3-2: Strikes out looking
|
Batting: LHB Raul Rojas
|
0-0: Ball 1-0: Ball 2-0: Foul Ball, location: 2F 2-1: SOLO HOME RUN (Flyball, 9D, EV 96.2 MPH), Distance : 375 ft
|
Pitching: RHP Dunlang Clark
|
|
Batting: LHB Ben Antal
|
0-0: Ball 1-0: Foul Ball, location: 2F 1-1: Ground out 4-3 (Groundball, 4, EV 100.6 MPH)
|
Bottom of the 5th over - 4 runs, 3 hits, 0 errors, 0 left on base; Midland 1 - Bowie 5 |
TOP OF THE 6TH |
Midland RockHounds batting - Pitching for Bowie Baysox : RHP Sam Wilson
|
Batting: RHB Luis Restrepo
|
0-0: Ball 1-0: Foul Ball, location: 2F 1-1: Ball 2-1: Ball 3-1: Base on Balls
|
Batting: RHB Carlos Ballesteros
|
0-0: Ball 1-0: SINGLE (Line Drive, 5D, EV 95.0 MPH) Luis Restrepo to second
|
Pitching: RHP Mike Brubaker
|
|
Batting: RHB Eduardo Chavez
|
0-0: Called Strike 0-1: Foul Ball, location: 2F 0-2: Ball 1-2: Ball 2-2: Strikes out swinging
|
Batting: RHB Armando Estrada
|
0-0: Called Strike 0-1: Fielders Choice at 2nd, 6-4 (Groundball, 6, EV 93.8 MPH) Luis Restrepo to third
|
Batting: SHB Ian Finley
|
0-0: Swinging Strike 0-1: Called Strike 0-2: Ball 1-2: Foul Ball, location: 2F 1-2: Ball 2-2: Foul Ball, location: 2F 2-2: Foul Ball, location: 2F 2-2: Strikes out swinging
|
Top of the 6th over - 0 runs, 1 hit, 0 errors, 2 left on base; Midland 1 - Bowie 5 |
BOTTOM OF THE 6TH |
Bowie Baysox batting - Pitching for Midland RockHounds : RHP Dunlang Clark
|
Batting: LHB Jose Fierro
|
0-0: Ball 1-0: Swinging Strike 1-1: Ball 2-1: Ball 3-1: Base on Balls
|
Batting: RHB Andrew Korman
|
0-0: Foul Ball, location: 2F 0-1: Ball 1-1: Ball 2-1: SINGLE (Groundball, 6MD, EV 111.2 MPH) Jose Fierro to second Runner from 2nd tries for 3rd, OUT after rundown.
|
Batting: RHB Danny Merrill
|
0-0: Called Strike 0-1: Swinging Strike 0-2: Strikes out swinging
|
Batting: LHB Andrew Erens
|
0-0: Swinging Strike 0-1: Ball 1-1: Fielders Choice at 2nd, 6-4 (Groundball, 6, EV 80.6 MPH)
|
Bottom of the 6th over - 0 runs, 1 hit, 0 errors, 1 left on base; Midland 1 - Bowie 5 |
TOP OF THE 7TH |
Midland RockHounds batting - Pitching for Bowie Baysox : RHP Mike Brubaker
|
Batting: LHB Zachary DeLuca
|
0-0: Ball 1-0: Ball 2-0: Called Strike 2-1: Ground out 6-3 (Groundball, 6, EV 82.5 MPH)
|
Batting: RHB Tim Cordle
|
0-0: Called Strike 0-1: Ball 1-1: Fly out, F7 (Flyball, 78S, EV 92.5 MPH)
|
Batting: SHB Rich Muniz
|
0-0: Foul Ball, location: 2F 0-1: Ball 1-1: Called Strike 1-2: Fly out, F7 (Flyball, 7S, EV 85.0 MPH)
|
Top of the 7th over - 0 runs, 0 hits, 0 errors, 0 left on base; Midland 1 - Bowie 5 |
BOTTOM OF THE 7TH |
Bowie Baysox batting - Pitching for Midland RockHounds : RHP Dunlang Clark
|
Batting: LHB Matt Patnaude
|
0-0: Ball 1-0: Swinging Strike 1-1: Ball 2-1: Ground out 4-3 (Groundball, 4MD, EV 105.0 MPH)
|
Batting: RHB Travis Carter
|
0-0: Ball 1-0: Called Strike 1-1: Ground out 6-3 (Groundball, 6, EV 99.4 MPH)
|
Batting: RHB Andy Chess
|
0-0: Swinging Strike 0-1: Ball 1-1: Called Strike 1-2: Strikes out swinging
|
Bottom of the 7th over - 0 runs, 0 hits, 0 errors, 0 left on base; Midland 1 - Bowie 5 |
TOP OF THE 8TH |
Midland RockHounds batting - Pitching for Bowie Baysox : RHP Mike Brubaker
|
Batting: LHB John Shults
|
0-0: Foul Ball, location: 2F 0-1: Ground out U3 (Groundball, 3, EV 88.1 MPH)
|
Batting: RHB Luis Restrepo
|
0-0: Called Strike 0-1: Ground out U3 (Groundball, 34, EV 105.6 MPH)
|
Batting: RHB Carlos Ballesteros
|
0-0: Ball 1-0: Swinging Strike 1-1: Ball 2-1: Ball 3-1: Base on Balls
|
Batting: RHB Eduardo Chavez
|
0-0: Ball 1-0: Ball 2-0: Foul Ball, location: 2F 2-1: Foul Ball, location: 2F 2-2: Strikes out swinging
|
Top of the 8th over - 0 runs, 0 hits, 0 errors, 1 left on base; Midland 1 - Bowie 5 |
BOTTOM OF THE 8TH |
Bowie Baysox batting - Pitching for Midland RockHounds : RHP Dunlang Clark
|
Pitching: RHP Dong-choon Park
|
|
Batting: LHB Raul Rojas
|
0-0: Called Strike 0-1: Ball 1-1: Called Strike 1-2: Strikes out swinging
|
Batting: LHB Ben Antal
|
0-0: Ball 1-0: Swinging Strike 1-1: Foul Ball, location: 2F 1-2: Strikes out swinging
|
Batting: LHB Jose Fierro
|
0-0: Ball 1-0: Called Strike 1-1: Foul Ball, location: 2F 1-2: Ground out 5-3 (Groundball, 56, EV 86.9 MPH)
|
Bottom of the 8th over - 0 runs, 0 hits, 0 errors, 0 left on base; Midland 1 - Bowie 5 |
TOP OF THE 9TH |
Midland RockHounds batting - Pitching for Bowie Baysox : RHP Mike Brubaker
|
Pitching: RHP Travis Small
|
|
Batting: RHB Armando Estrada
|
0-0: Ground out 6-3 (Groundball, 6, EV 88.8 MPH)
|
Batting: SHB Ian Finley
|
0-0: Ground out 1-3 (Groundball, 13S, EV 67.5 MPH)
|
Batting: LHB Zachary DeLuca
|
0-0: Ball 1-0: Called Strike 1-1: Ball 2-1: Foul Ball, location: 2F 2-2: Fly out, F7 (Flyball, 7S, EV 84.4 MPH)
|
Top of the 9th over - 0 runs, 0 hits, 0 errors, 0 left on base; Midland 1 - Bowie 5 |
|